 Dungeon Crawl Stone Soup version 0.29-a0-459-g97dee8cd24 (console) character file.

Game seed: 8611279839570939803

189 jejorda2 the Poker (level 5, -3/43 HPs)
             Began as a Merfolk Fighter on May 20, 2022.
             Slain by Ijyb
             ... wielding a +0 club
              (7 damage)
             ... on level 4 of the Dungeon.
             The game lasted 00:04:39 (3185 turns).

jejorda2 the Poker (Merfolk Fighter)                Turns: 3185, Time: 00:04:39

Health: -3/43      AC:  0    Str: 19    XL:     5   Next: 68%
Magic:  5/5        EV: 13    Int:  7    God:
Gold:   152        SH:  0    Dex: 13    Spells: 4/4 levels left

rFire   . . .      SeeInvis .   (weapon currently unavailable)
rCold   . . .      Faith    .   (shield currently unavailable)
rNeg    . . .      Spirit   .   (body armour currently unavailable)
rPois   .          Reflect  .   (helmet currently unavailable)
rElec   .          Harm     .   (cloak currently unavailable)
rCorr   .          Rampage  .   (gloves currently unavailable)
Will    .....                   (boots currently unavailable)
Stlth   +.........              (no amulet)
HPRegen 0.14/turn               (ring currently unavailable)
MPRegen 0.09/turn               (ring currently unavailable)

@: pig-form (expiring), very quick
A: fast, no casting, small, (nimble swimmer 2), (mertail)
a: no special abilities


You were on level 4 of the Dungeon.
You were a filthy swine.
You visited 1 branch of the dungeon, and saw 4 of its levels.

You collected 152 gold pieces.

Inventory:

Hand Weapons
 a - a +0 trident (melded)
Missiles
 d - 8 poisoned darts
 f - 214 stones (quivered)
Armour
 b - a +0 scale mail (melded)
 c - a +0 buckler (melded)
Jewellery
 e - a +6 ring of intelligence
 n - a ring of fire
Wands
 t - a wand of iceblast (8)
Scrolls
 g - a scroll of torment {unknown}
 j - a scroll of fog {unknown}
 l - 2 scrolls of enchant weapon {unknown}
 m - a scroll of immolation {unknown}
 o - a scroll of amnesia {unknown}
 p - a scroll of teleportation {unknown}
Potions
 h - a potion of resistance {unknown}
 i - a potion of invisibility {unknown}
 k - a potion of magic {unknown}
 q - a potion of curing
 r - a potion of lignification {unknown}
 s - a potion of mutation {unknown}


   Skills:
 + Level 4.4 Fighting
 * Level 5.6 Polearms
 + Level 3.0 Armour
 - Level 3.0 Shields


You had 4 spell levels left.
You didn't know any spells.
Your spell library contained the following spells:

 Spells                   Type           Power      Damage    Failure   Level
 Blink                    Tloc           0%         N/A       56%         2
 Lesser Beckoning         Tloc           0%         N/A       80%         3
 Tukima's Dance           Hex            0%         N/A       80%         3
 Passage of Golubria      Tloc           0%         N/A       99%         4
 Manifold Assault         Tloc           0%         N/A       100%        5
 Yara's Violent Unravell  Hex/Tmut       0%         3d3       100%        5


Dungeon Overview and Level Annotations

Branches:
Dungeon (4/15)
 Temple: D:4-7

Altars:

Shops:
D:3 :

Annotations:
D:4 Ijyb


Innate Abilities, Weirdness & Mutations

You are a filthy swine.
You move quickly.
Your equipment is almost entirely melded.
You are incapable of wielding weapons or throwing items.
You cannot cast spells.
((You are very nimble when in or above water. (Stealth+, EV+, Speed+++)))
((Your lower body shifts to a powerful aquatic tail in water.))


Message History

Ijyb is moderately wounded.
Ijyb barely misses you.
You closely miss Ijyb.
Ijyb is moderately wounded.
Ijyb barely misses you.
You barely miss Ijyb.
Ijyb is moderately wounded.
Ijyb closely misses you.
You hit Ijyb.
Ijyb is moderately wounded.
Your transformation is almost over.
Ijyb misses you.
You barely miss Ijyb.
Ijyb is moderately wounded.
You barely miss Ijyb.
Ijyb is moderately wounded.
Ijyb grins evilly.
Ijyb hits you with a +0 club.
You closely miss Ijyb.
Ijyb is moderately wounded.
Ijyb hits you with a +0 club!
You barely miss Ijyb.
Ijyb is moderately wounded.
Ijyb hits you with a +0 club.
You closely miss Ijyb.
Ijyb is moderately wounded.
Ijyb barely misses you.
You hit Ijyb.
Ijyb is moderately wounded.
Ijyb hits you with a +0 club!
* * * LOW HITPOINT WARNING * * *
You barely miss Ijyb.
Ijyb is moderately wounded.
Ijyb screams, "I dance on your bones!" Ijyb hits you with a +0 club.
* * * LOW HITPOINT WARNING * * *
You closely miss Ijyb.
Ijyb is moderately wounded.
Ijyb hits you with a +0 club!
You die...

! ..
#.........##.#
##.#########.#
#..########.#
####..#........#
#
.[#..#)########
#.##.#..#.#
#...<#.g..#
####.#.#..#
#h#'#..#
#g....)#
#.....>#
#.....##
####.....#
.........#
#####....#
#..(.# ......#


You could see Ijyb.

Vanquished Creatures
  A scorpion (D:4)
  2 orc wizards (D:3)
  An adder (D:2)
  2 dart slugs (D:2)
  6 orcs (D:3)
  6 ball pythons
  4 endoplasms
  6 giant cockroaches
  8 goblins
  6 hobgoblins
  4 jackals (D:1)
  A kobold (D:1)
  2 quokkas
  A bat (D:1)
  3 frilled lizards
  3 rats
56 creatures vanquished.

Vanquished Creatures (others)
  12 plants (D:3)
12 creatures vanquished.

Grand Total: 68 creatures vanquished

Notes
Turn   | Place    | Note
-------+----------+-------------------------------------------
     0 | D:1      | jejorda2 the Merfolk Fighter began the quest for the Orb.
     0 | D:1      | Reached XP level 1. HP: 18/18 MP: 1/1
    91 | D:1      | Reached skill level 3 in Polearms
   354 | D:1      | Reached XP level 2. HP: 24/24 MP: 2/2
   484 | D:1      | Found a faded altar of an unknown god.
  1057 | D:1      | Reached XP level 3. HP: 29/29 MP: 3/3
  1291 | D:2      | Reached skill level 4 in Polearms
  1415 | D:2      | Identified the +1 robe of Haroocsi {rF+ Str+3 Dex+2}
  1916 | D:3      | Found Yxizann's Book Shoppe.
  2042 | D:3      | Reached XP level 4. HP: 37/37 MP: 4/4
  2413 | D:3      | Reached skill level 5 in Polearms
  2413 | D:3      | Reached XP level 5. HP: 28/42 MP: 5/5
  3074 | D:4      | Noticed Ijyb
  3185 | D:4      | Slain by Ijyb

Illustrated notes

Levels and vault maps discovered:
D:1:      dpeg_arrival_renting, layout_basic,
          hellmonk_ecumenical_altar_pennies_from_heaven,
          minmay_tree_intersection
D:2:      layout_loops_ring
D:3:      layout_rooms, serial_shops, nicolae_shop_statue_plus,
          chequers_big_river, nicolae_concentric_dashed_squares_mild
D:4:      minmay_angry_zag, layout_basic, uniq_ijyb

Skill      XL: |  1  2  3  4  5 |
---------------+----------------+-----
Polearms       | 3 4 5 |  5.6
Fighting       | 4 |  4.4
Armour         | 3 |  3.0
Shields        | |  3.0

Action                   |  1- 3 |  4- 6 || total
-------------------------+-------+-------++-------
Melee: Trident           |   112 |    92 ||   204
       Unarmed           |       |    37 ||    37
  Use: Potion            |       |     2 ||     2
 Stab: Distracted        |     1 |       ||     1
Armor: Scale mail        |    27 |    33 ||    60
Dodge: Dodged            |    41 |    40 ||    81
Block: Buckler           |    21 |     7 ||    28

Table legend: (Time is in decaauts)
 A = Elapsed time spent in this place.
 B = Non-inter-level travel time spent in this place.
 C = Inter-level travel time spent in this place.
 D = Time resting spent in this place.
 E = Time spent auto-exploring this place.
 F = Levels seen in this place.
 G = Mean time per level.
                   A        B        C        D        E       F      G
               +--------+--------+--------+--------+--------+-----+--------+
         Total |   3176 |   3069 |    107 |     88 |   2471 |   4 |  794.0 |
       Dungeon |   3176 |   3069 |    107 |     88 |   2471 |   4 |  794.0 |
               +--------+--------+--------+--------+--------+-----+--------+

Top non-repeatable levels by time:
     D:1: 1104 daAuts
     D:3: 1035 daAuts
     D:2: 812 daAuts
     D:4: 223 daAuts
